 Dungeon Crawl Stone Soup version 0.28.0 (console) character file.

Game seed: 15757652657224028867

815 ryathie the Conjurer (level 7, -2/36 HPs)
             Began as a Deep Elf Hedge Wizard on Feb 14, 2022.
             Was an Initiate of Vehumet.
             Shot with an arrow by a centaur (8 damage)
             ... on level 5 of the Dungeon.
             The game lasted 00:12:40 (5377 turns).

ryathie the Conjurer (Deep Elf Hedge Wizard)        Turns: 5377, Time: 00:12:40

Health: -2/36      AC:  3    Str: 13    XL:     7   Next: 62%
Magic:  16/19      EV: 12    Int: 21    God:    Vehumet [......]
Gold:   160        SH:  0    Dex: 14    Spells: 8/19 levels left

rFire   . . .      SeeInvis .   o - +1 dagger (speed)
rCold   . . .      Faith    .   (no shield)
rNeg    . . .      Spirit   .   b - +0 robe
rPois   .          Reflect  .   c - +0 hat
rElec   .          Harm     .   n - +0 cloak
rCorr   .          Rampage  .   (no gloves)
Will    .....                   (no boots)
Stlth   ++........              (no amulet)
HPRegen 0.12/turn               s - +6 ring of strength
MPRegen 0.16/turn               (no ring)

@: no status effects
A: no striking features
a: Renounce Religion


You were on level 5 of the Dungeon.
You worshipped Vehumet.
Vehumet was noncommittal.
You visited 1 branch of the dungeon, and saw 5 of its levels.

You collected 195 gold pieces.
You spent 35 gold pieces at shops.

Inventory:

Hand Weapons
 f - a +0 hunting sling
 o - a +1 dagger of speed (weapon)
Armour
 b - a +0 robe (worn)
 c - a +0 hat (worn)
 n - a +0 cloak (worn)
Jewellery
 s - a +6 ring of strength (left hand)
Wands
 t - a wand of polymorph (4)
Scrolls
 a - a scroll of amnesia {unknown}
 d - 2 scrolls of immolation {unknown}
 e - 4 scrolls of identify {unknown}
 g - a scroll of enchant armour {unknown}
 l - a scroll of magic mapping {unknown}
 m - a scroll of fear
 p - a scroll of brand weapon {unknown}
Potions
 h - 2 potions of cancellation {unknown}
 i - 2 potions of might {unknown}
 j - a potion of curing {unknown}
 k - a potion of attraction {unknown}
 q - 2 potions of degeneration {unknown}
 r - a potion of lignification {unknown}


   Skills:
 - Level 2.4 Dodging
 - Level 2.4 Stealth
 + Level 6.7 Spellcasting
 - Level 7.0 Conjurations
 - Level 1.1 Summonings
 - Level 1.1 Translocations
 - Level 2.0 Fire Magic
 + Level 2.7 Air Magic
 - Level 2.0 Poison Magic


You had 8 spell levels left.
You knew the following spells:

 Your Spells              Type           Power      Damage    Failure   Level
a - Magic Dart            Conj           100%       1d8       1%          1
b - Call Imp              Summ           11%        N/A       9%          2
c - Mephitic Cloud        Conj/Pois/Air  23%        N/A       5%          3
d - Conjure Flame         Conj/Fire      25%        6-21      4%          3
B - Blink                 Tloc           22%        N/A       9%          2

Your spell library contained the following spells:

 Spells                   Type           Power      Damage    Failure   Level
 Shock                    Conj/Air       100%       1d9       1%          1
 Slow                     Hex            28%        N/A       9%          1
 Swiftness                Air            18%        N/A       9%          3
 Lesser Beckoning         Tloc           11%        N/A       17%         3
 Airstrike                Air            9%         N/A       28%         4
 Manifold Assault         Tloc           11%        N/A       85%         5


Dungeon Overview and Level Annotations

Branches:
Dungeon (5/15)             Temple (0/1) D:5

Altars:
Dithmenos
Elyvilon
Nemelex Xobeh
Vehumet
Xom
Yredelemnul

Shops:
D:1 [   D:2 ?


Message History

The iguana is moderately wounded.
The stinking cloud engulfs the centaur but does no damage.
The centaur is engulfed in noxious fumes.
The centaur appears confused.
The centaur unwields a +0 shortbow.
The centaur closely misses the iguana.
The centaur kicks the iguana.
The iguana is engulfed in noxious fumes.
The iguana appears confused.
The centaur is engulfed in noxious fumes.
The centaur appears confused.
The iguana is engulfed in noxious fumes.
Casting: Mephitic Cloud (dangerous; 5% risk of failure)
Confirm with . or Enter, or press ? or * to list all spells.
The fire begins to smoulder!
The centaur is engulfed in noxious fumes.
The centaur appears confused.
The iguana is engulfed in noxious fumes.
The iguana appears confused.
The iguana is engulfed in noxious fumes.
The iguana appears confused.
The fire ignites!
The iguana is engulfed in noxious fumes.
The iguana appears confused.
The iguana is engulfed in noxious fumes.
The iguana appears confused.
The centaur looks very confused.
The iguana is engulfed in blazing flames.
You kill the iguana!
Vehumet accepts your kill.
You start resting.
Magic restored.
The centaur wields a +0 shortbow.
The centaur shoots an arrow.
The arrow hits you!
The centaur shoots an arrow.
The arrow hits you!
* * * LOW HITPOINT WARNING * * *
Casting: Conjure Flame (dangerous; 4% risk of failure)
Confirm with . or Enter, or press ? or * to list all spells.
Aiming: Mephitic Cloud (dangerous; 5% risk of failure)
Press: ? - help, Shift-Dir - straight line The ball explodes into a vile cloud!
The centaur shoots an arrow.
The arrow hits you!
You die...

#....[.##....8#....... .
#####..###..###.##.#.###..
#...#......#c##...... #
##..##.#.###§##....# .#
#####..###### #§☼.....##.###
.P##....# ##§##.#........ ####
##...# #...........# # ...# #...#
#..##.......# ##.. .)## #...#
###@#####..#####.l..
...####...####b#.#≈###..##..'.♣
#.......>..##.b#.#..##..##..#...#
...........#.≈≈#.#≈≈≈#......# .##
#..........#.≈≈#.#...#..##.....#
##.####....#..≈#.#≈.P#.###.....#
...# #...##..≈#.#..≈###########
#### #..[##...#.#≈P.#..#
#...###..#.#.≈###.#


You could see a centaur and 2 bats.

Vanquished Creatures
  An ogre (D:5)
  A water moccasin skeleton (D:5)
  A centaur zombie (D:5)
  2 orc priests (D:5)
  A hound (D:5)
  An iguana (D:5)
  2 orc wizards
  A gnoll (D:4)
  6 adders
  An adder skeleton (D:4)
  9 orcs
  7 bats
  4 endoplasms
  3 giant cockroaches
  6 goblins
  5 hobgoblins
  5 quokkas
  6 ball pythons
  3 frilled lizards
  6 kobolds
  7 rats
78 creatures vanquished.

Vanquished Creatures (collateral kills)
  A centaur (D:4)
  A bullfrog (D:4)
  A jelly (D:4)
  2 hounds (D:4)
  2 orc priests
  2 gnolls (D:4)
  A worm (D:2)
  An endoplasm (D:3)
  4 jackals (D:1)
  A kobold (D:2)
  A rat (D:2)
17 creatures vanquished.

Vanquished Creatures (others)
  4 fungi (D:5)
  5 plants (D:3)
9 creatures vanquished.

Grand Total: 104 creatures vanquished

Notes
Turn   | Place    | Note
-------+----------+-------------------------------------------
     0 | D:1      | ryathie the Deep Elf Hedge Wizard began the quest for the
                  | Orb.
     0 | D:1      | Reached XP level 1. HP: 10/10 MP: 7/7
   168 | D:1      | Reached XP level 2. HP: 15/15 MP: 6/9
   252 | D:1      | Reached skill level 2 in Conjurations
   321 | D:1      | Learned a level 2 spell: Blink
   324 | D:1      | Learned a level 2 spell: Call Imp
   418 | D:1      | Reached skill level 5 in Spellcasting
   485 | D:1      | Found Appofof's Antique Armour Shop.
   647 | D:2      | Found a shimmering altar of Xom.
   653 | D:2      | Reached XP level 3. HP: 19/19 MP: 8/11
   764 | D:2      | Found Kital's Magic Scroll Shoppe.
   880 | D:2      | Bought a scroll of fear for 35 gold pieces
   930 | D:2      | Reached skill level 3 in Conjurations
  1078 | D:3      | Learned a level 3 spell: Mephitic Cloud
  1082 | D:3      | Learned a level 3 spell: Conjure Flame
  1189 | D:3      | Reached XP level 4. HP: 18/24 MP: 2/13
  1323 | D:3      | Found a sparkling altar of Nemelex Xobeh.
  1651 | D:3      | Found a faded altar of an unknown god.
  1684 | D:3      | Found a shadowy altar of Dithmenos.
  2097 | D:3      | Reached skill level 1 in Air Magic
  2352 | D:3      | Reached skill level 4 in Conjurations
  2352 | D:3      | Reached XP level 5. HP: 4/28 MP: 6/15
  3439 | D:4      | Reached skill level 1 in Poison Magic
  3458 | D:4      | Reached XP level 6. HP: 32/32 MP: 6/17
  3605 | D:4      | Reached skill level 5 in Conjurations
  3932 | D:4      | Identified the +1 robe of Space {rPois Will+ Str+2}
  4041 | D:5      | Entered Level 5 of the Dungeon
  4263 | D:4      | Reached skill level 6 in Conjurations
  4322 | D:5      | Reached XP level 7. HP: 34/36 MP: 13/18
  4355 | D:5      | Found a white marble altar of Elyvilon.
  4381 | D:5      | Reached skill level 1 in Fire Magic
  4627 | D:5      | Found a basalt altar of Yredelemnul.
  4634 | D:5      | Found a radiant altar of Vehumet.
  4649 | D:5      | Became a worshipper of Vehumet
  4781 | D:5      | Found a staircase to the Ecumenical Temple.
  4947 | D:5      | Reached skill level 7 in Conjurations
  5377 | D:5      | Shot with an arrow by a centaur

Illustrated notes

Levels and vault maps discovered:
D:1:      kennysheep_arrival_forest, layout_basic, serial_shops, shop_fountains,
          minmay_statues_item, supply_closet_lemuel
D:2:      layout_basic, basic_altar, serial_shops, shop_statue
D:3:      layout_rooms, mainiacjoe_overflow_boulevard,
          nemelex_diamond_rough_becter, ebering_ecumenical_altar_rust,
          chequers_big_river, grunt_ministairs_11
D:4:      layout_gridville
D:5:      layout_loops_cross, elyvilon_altar_4, minitemple,
          minmay_temple_entry_statues, serial_aquarium, aquarium_bridge_straight
          [aquarium_subvault_bridge, aquarium_subvault_window,
          aquarium_subvault_bridge, aquarium_subvault_wall],
          aquarium_window_fake, aquarium_window_1, aquarium_view_2d,
          aquarium_view_2b, grunt_ministairs_13

Skill      XL: |  1  2  3  4  5  6  7 |
---------------+----------------------+-----
Conjurations   | 2 3 4 6 7 |  7.0
Spellcasting   | 5 6 |  6.7
Air Magic      | 1 2 |  2.7
Poison Magic   | 1 2 |  2.0
Fire Magic     | 2 |  2.0
Dodging        | |  2.4
Stealth        | |  2.4
Summonings     | |  1.1
Translocations | |  1.1

Action                   |  1- 3 |  4- 6 |  7- 9 || total
-------------------------+-------+-------+-------++-------
Melee: Dagger            |    13 |    53 |    11 ||    77
       Punch             |       |       |     1 ||     1
 Cast: Magic Dart        |    77 |    62 |    35 ||   174
       Call Imp          |    10 |    10 |     1 ||    21
       Mephitic Cloud    |       |     6 |     6 ||    12
       Conjure Flame     |       |     1 |     3 ||     4
 Stab: Sleeping          |       |     1 |       ||     1
       Confused          |       |     1 |     2 ||     3
Armor: Robe              |     8 |    14 |     3 ||    25
Dodge: Dodged            |    18 |    25 |    11 ||    54
